[Event "GambitGuide"]
[Site "Internet Chess Club"]
[Date "2014.10.30"]
[Round "1"]
[White "JSBach"]
[Black "mikyoo"]
[Result "0-1"]
[ICCResult "White checkmated"]
[WhiteElo "1662"]
[BlackElo "1387"]
[Opening "Vienna: `Frankenstein-Dracula' variation"]
[ECO "C27"]
[NIC "VG.02"]
[Time "16:34:09"]
[TimeControl "120+12"]

1. e4 e5 2. Nc3 Nf6 3. Bc4 Nxe4 4. Qh5 Nd6 5. Bb3 Nc6 6. Nb5 g6 7. Qf3 f5 8.
Qd5 Qe7 9. Nxc7+ Kd8 10. Nxa8 b6 11. Ba4 Bh6 12. Bxc6 dxc6 13. Qd3 Re8 14.
b3 e4 15. Qg3 Bb7 16. Ba3 c5 17. Qh3 Qg5 18. Qe3 f4 19. Qh3 f3 20. Nxb6 axb6
21. g3 Qxd2+ 22. Kf1 Ba6+ 23. c4 Nxc4 24. bxc4 Bxc4+ 25. Ne2 Qxe2+ 26. Kg1
Be3 27. Rf1 Qxf1+ 28. Qxf1 Bxf1 29. Kxf1 Bd2 30. Bb2 Kc7 31. a4 Kc6 32. a5
Bxa5 33. Rg1 Rd8 34. Bd4 Rxd4 35. h4 Rd1# {White checkmated} 0-1

[Event "GambitGuide"]
[Site "Internet Chess Club"]
[Date "2014.10.30"]
[Round "1"]
[White "JSBach"]
[Black "coleman"]
[Result "1-0"]
[ICCResult "Black resigns"]
[WhiteElo "1662"]
[BlackElo "1329"]
[Opening "Vienna: `Frankenstein-Dracula' variation"]
[ECO "C27"]
[NIC "VG.02"]
[Time "16:34:58"]
[TimeControl "120+12"]

1. e4 e5 2. Nc3 Nf6 3. Bc4 Nxe4 4. Qh5 Nd6 5. Bb3 Nc6 6. Nb5 g6 7. Qf3 f5 8.
Qd5 Qe7 9. Nxc7+ Kd8 10. Nxa8 b6 11. Ba4 Bb7 12. Nxb6 axb6 13. Qb3 Bg7 14.
Qxb6+ Ke8 15. Ne2 Nc4 16. Qxb7 Kf7 17. Bxc6 dxc6 18. Qxc6 {Black resigns}
1-0

[Event "GambitGuide"]
[Site "Internet Chess Club"]
[Date "2014.10.30"]
[Round "1"]
[White "JSBach"]
[Black "Wargasm"]
[Result "0-1"]
[ICCResult "White checkmated"]
[WhiteElo "1662"]
[BlackElo "2428"]
[Opening "Vienna: `Frankenstein-Dracula' variation"]
[ECO "C27"]
[NIC "VG.02"]
[Time "16:35:35"]
[TimeControl "120+12"]

1. e4 e5 2. Nc3 Nf6 3. Bc4 Nxe4 4. Qh5 Nd6 5. Bb3 Nc6 6. Nb5 g6 7. Qf3 f5 8.
Qd5 Qe7 9. Nxc7+ Kd8 10. Nxa8 b6 11. Ba4 Bb7 12. Nxb6 axb6 13. Qb3 b5 14.
Nf3 bxa4 15. Qxa4 Bg7 16. O-O e4 17. Ne1 Kc7 18. d3 Ra8 19. Qb3 Nd4 20. Qc3+
Bc6 21. Kh1 N6b5 22. Qc4 d5 23. Bg5 Qxg5 24. Qc5 Bf8 25. f4 Qf6 26. Qxf8
Qxf8 27. dxe4 dxe4 28. c4 Nd6 29. c5 Nc4 30. b4 e3 31. h3 e2 32. Rg1 g5 33.
fxg5 f4 34. Kh2 f3 35. gxf3 Nxf3+ 36. Nxf3 Qxf3 37. h4 Ra3 38. Rg4 Qxg4 39.
Re1 Rh3# {White checkmated} 0-1

[Event "GambitGuide"]
[Site "Internet Chess Club"]
[Date "2014.10.30"]
[Round "1"]
[White "JSBach"]
[Black "RonMexico"]
[Result "1-0"]
[ICCResult "Black checkmated"]
[WhiteElo "1662"]
[BlackElo "1838"]
[Opening "Vienna: `Frankenstein-Dracula' variation"]
[ECO "C27"]
[NIC "VG.02"]
[Time "16:37:35"]
[TimeControl "120+12"]

1. e4 e5 2. Nc3 Nf6 3. Bc4 Nxe4 4. Qh5 Nd6 5. Bb3 Nc6 6. Nb5 g6 7. Qf3 f5 8.
Qd5 Qe7 9. Nxc7+ Kd8 10. Nxa8 b6 11. Ba4 Bb7 12. Nxb6 axb6 13. Qb3 Kc7 14.
Ne2 Ba6 15. Nc3 Nd4 16. Nd5+ Kb7 17. Qxb6+ Ka8 18. Nc7# {Black checkmated}
1-0

[Event "GambitGuide"]
[Site "Internet Chess Club"]
[Date "2014.10.30"]
[Round "1"]
[White "JSBach"]
[Black "tdimarco"]
[Result "1-0"]
[ICCResult "Black resigns"]
[WhiteElo "1662"]
[BlackElo "1158"]
[Opening "Vienna: `Frankenstein-Dracula' variation"]
[ECO "C27"]
[NIC "VG.02"]
[Time "16:38:01"]
[TimeControl "120+12"]

1. e4 e5 2. Nc3 Nf6 3. Bc4 Nxe4 4. Qh5 Nd6 5. Bb3 Nc6 6. Nb5 g6 7. Qf3 f5 8.
Qd5 Qe7 9. Nxc7+ Kd8 10. Nxa8 b6 11. Ba4 Bb7 12. Nxb6 axb6 13. Qb3 Na5 14.
Qxb6+ Kc8 15. Qxa5 Nc4 16. Qb5 Bc6 17. Qxc4 {Black resigns} 1-0

[Event "GambitGuide"]
[Site "Internet Chess Club"]
[Date "2014.10.30"]
[Round "1"]
[White "JSBach"]
[Black "fishhead"]
[Result "1-0"]
[ICCResult "Black resigns"]
[WhiteElo "1662"]
[BlackElo "1597"]
[Opening "Vienna: `Frankenstein-Dracula' variation"]
[ECO "C27"]
[NIC "VG.02"]
[Time "16:37:24"]
[TimeControl "120+12"]

1. e4 e5 2. Nc3 Nf6 3. Bc4 Nxe4 4. Qh5 Nd6 5. Bb3 Nc6 6. Nb5 g6 7. Qf3 f5 8.
Qd5 Qe7 9. Nxc7+ Kd8 10. Nxa8 b6 11. Ba4 Bb7 12. Nxb6 axb6 13. Qb3 b5 14.
Nf3 bxa4 15. Qxa4 Bg7 16. O-O Qe6 17. Re1 Ke7 18. Ng5 Qd5 19. Qh4 Bf6 20. c3
h6 21. c4 Qc5 22. b4 Qxb4 23. a3 Qc5 24. d4 Qxd4 25. Qxd4 Nxd4 26. Nh3 Nxc4
27. Rb1 Bc6 28. Nf4 g5 29. Ng6+ Kf7 30. Nxh8+ Bxh8 31. Rb8 Bf6 32. h3 f4 33.
Rb1 e4 34. a4 Bxa4 35. Rb4 Bb5 36. Rxe4 d5 37. Rxd4 Bxd4 38. Rxb5 Ke6 39.
Rb8 Bg7 40. Rc8 Ke5 41. Kf1 Kd4 42. Kg1 Kd3 43. Rc5 d4 44. Rb5 Kc2 45. Rc5
Kxc1 46. Rxc4+ Kd2 47. Rc7 d3 48. Rxg7 {Black resigns} 1-0

[Event "GambitGuide"]
[Site "Internet Chess Club"]
[Date "2014.10.30"]
[Round "1"]
[White "JSBach"]
[Black "RonMexico"]
[Result "0-1"]
[ICCResult "White checkmated"]
[WhiteElo "1662"]
[BlackElo "1838"]
[Opening "Vienna: `Frankenstein-Dracula' variation"]
[ECO "C27"]
[NIC "VG.02"]
[Time "16:38:27"]
[TimeControl "120+12"]

1. e4 e5 2. Nc3 Nf6 3. Bc4 Nxe4 4. Qh5 Nd6 5. Bb3 Nc6 6. Nb5 g6 7. Qf3 f5 8.
Qd5 Qe7 9. Nxc7+ Kd8 10. Nxa8 b6 11. Ba4 Bb7 12. Nxb6 axb6 13. Qb3 Kc7 14.
Ne2 Nd4 15. Nxd4 exd4+ 16. Kf1 Ba6+ 17. d3 b5 18. Bf4 bxa4 19. Qxa4 Bb7 20.
Qxd4 Bg7 21. Bxd6+ Qxd6 22. Qxg7 Re8 23. Qf7 Re7 24. Qc4+ Kb8 25. a3 Qe5 26.
d4 Qe4 27. Rg1 d5 28. Qd3 Qe6 29. Qb5 Ka8 30. Qd3 Ba6 31. c4 Bxc4 32. Qxc4
dxc4 33. g3 Qe2+ 34. Kg2 Qxb2 35. d5 Re2 36. Rgf1 Rxf2+ 37. Rxf2 Qxa1 38.
Rf4 c3 39. Ra4+ Kb7 40. Kh3 c2 41. Rb4+ Ka6 42. Ra4+ Kb5 43. Rb4+ Kc5 44.
Rb7 c1=Q 45. Rc7+ Kxd5 46. Rxc1 Qxc1 47. Kg2 Qxa3 48. h3 Qb2+ 49. Kf3 Qc3+
50. Kg2 Qd2+ 51. Kf3 Qd3+ 52. Kg2 Qe2+ 53. Kg1 Ke4 54. g4 Kf3 55. gxf5 Qg2#
{White checkmated}
0-1

[Event "GambitGuide"]
[Site "Internet Chess Club"]
[Date "2014.10.30"]
[Round "1"]
[White "JSBach"]
[Black "fishhead"]
[Result "1-0"]
[ICCResult "Black resigns"]
[WhiteElo "1662"]
[BlackElo "1597"]
[Opening "Vienna: `Frankenstein-Dracula' variation"]
[ECO "C27"]
[NIC "VG.02"]
[Time "16:39:39"]
[TimeControl "120+12"]

1. e4 e5 2. Nc3 Nf6 3. Bc4 Nxe4 4. Qh5 Nd6 5. Bb3 Nc6 6. Nb5 g6 7. Qf3 f5 8.
Qd5 Qe7 9. Nxc7+ Kd8 10. Nxa8 b6 11. Ba4 Bb7 12. Nxb6 axb6 13. Qb3 b5 14.
Nf3 bxa4 15. Qxa4 Bg7 16. d3 Qe6 17. Ng5 Qd5 18. O-O Qb5 19. Qxb5 Nxb5 20.
Nf7+ Ke7 21. Nxh8 Bxh8 22. a4 Nbd4 23. Bg5+ Ke6 24. c3 Nb3 25. Ra2 Ba6 26.
Ra3 Nc5 27. c4 Nxd3 28. Rxd3 Bxc4 29. Rc3 Bxf1 30. Kxf1 {Black resigns} 1-0

[Event "GambitGuide"]
[Site "Internet Chess Club"]
[Date "2014.10.30"]
[Round "1"]
[White "JSBach"]
[Black "matrix212"]
[Result "1-0"]
[ICCResult "Black resigns"]
[WhiteElo "1662"]
[BlackElo "1285"]
[Opening "Vienna: `Frankenstein-Dracula' variation"]
[ECO "C27"]
[NIC "VG.02"]
[Time "16:40:22"]
[TimeControl "120+12"]

1. e4 e5 2. Nc3 Nf6 3. Bc4 Nxe4 4. Qh5 Nd6 5. Bb3 Nc6 6. Nb5 g6 7. Qf3 f5 8.
Qd5 Qe7 9. Nxc7+ Kd8 10. Nxa8 b6 11. Ba4 b5 12. Bxb5 Nxb5 13. Qxb5 a6 14.
Qb6+ Ke8 15. Nc7+ {Black resigns} 1-0

[Event "GambitGuide"]
[Site "Internet Chess Club"]
[Date "2014.10.30"]
[Round "1"]
[White "JSBach"]
[Black "coleman"]
[Result "1-0"]
[ICCResult "Black resigns"]
[WhiteElo "1662"]
[BlackElo "1329"]
[Opening "Vienna: `Frankenstein-Dracula' variation"]
[ECO "C27"]
[NIC "VG.02"]
[Time "16:37:57"]
[TimeControl "120+12"]

1. e4 e5 2. Nc3 Nf6 3. Bc4 Nxe4 4. Qh5 Nd6 5. Bb3 Nc6 6. Nb5 g6 7. Qf3 f5 8.
Qd5 Qe7 9. Nxc7+ Kd8 10. Nxa8 b6 11. Ba4 Bb7 12. Nxb6 axb6 13. Qb3 Kc7 14.
Ne2 Bg7 15. a3 Ra8 16. O-O Ra5 17. Nc3 Qg5 18. Nd5+ Kd8 19. Qxb6+ Ke8 20.
Bxc6 Ra6 21. Nc7+ Kf7 22. Qb3+ Kf8 23. Bxb7 Nxb7 24. Nxa6 {Black resigns}
1-0

[Event "GambitGuide"]
[Site "Internet Chess Club"]
[Date "2014.10.30"]
[Round "1"]
[White "JSBach"]
[Black "KonfiAnand"]
[Result "1-0"]
[ICCResult "Black resigns"]
[WhiteElo "1662"]
[BlackElo "1364"]
[Opening "Vienna: `Frankenstein-Dracula' variation"]
[ECO "C27"]
[NIC "VG.02"]
[Time "16:39:43"]
[TimeControl "120+12"]

1. e4 e5 2. Nc3 Nf6 3. Bc4 Nxe4 4. Qh5 Nd6 5. Bb3 Nc6 6. Nb5 g6 7. Qf3 f5 8.
Qd5 Qe7 9. Nxc7+ Kd8 10. Nxa8 b6 11. Ba4 b5 12. Bxb5 Nb4 13. Qc5 Bb7 14.
Qxb4 Bg7 15. Ba6 Bxg2 16. Qb8+ {Black resigns} 1-0

[Event "GambitGuide"]
[Site "Internet Chess Club"]
[Date "2014.10.30"]
[Round "1"]
[White "JSBach"]
[Black "fishhead"]
[Result "1-0"]
[ICCResult "Black resigns"]
[WhiteElo "1662"]
[BlackElo "1597"]
[Opening "Vienna: `Frankenstein-Dracula' variation"]
[ECO "C27"]
[NIC "VG.02"]
[Time "16:40:25"]
[TimeControl "120+12"]

1. e4 e5 2. Nc3 Nf6 3. Bc4 Nxe4 4. Qh5 Nd6 5. Bb3 Nc6 6. Nb5 g6 7. Qf3 f5 8.
Qd5 Qe7 9. Nxc7+ Kd8 10. Nxa8 b6 11. Ba4 Bb7 12. Nxb6 axb6 13. Qb3 b5 14.
Nf3 bxa4 15. Qxa4 Bg7 16. O-O h6 17. Re1 Qf6 18. Kf1 Re8 19. d3 Ke7 20. d4
e4 21. d5 Ne5 22. Nd4 Bxd5 23. Bf4 g5 24. Be3 Kf7 25. b3 f4 26. Bd2 Nc6 27.
Nb5 Qe6 28. Nc7 Qe7 29. Nxd5 {Black resigns} 1-0

[Event "GambitGuide"]
[Site "Internet Chess Club"]
[Date "2014.10.30"]
[Round "1"]
[White "JSBach"]
[Black "moonpro"]
[Result "1-0"]
[ICCResult "Black resigns"]
[WhiteElo "1662"]
[BlackElo "1811"]
[Opening "Vienna: `Frankenstein-Dracula' variation"]
[ECO "C27"]
[NIC "VG.02"]
[Time "16:37:54"]
[TimeControl "120+12"]

1. e4 e5 2. Nc3 Nf6 3. Bc4 Nxe4 4. Qh5 Nd6 5. Bb3 Nc6 6. Nb5 g6 7. Qf3 f5 8.
Qd5 Qe7 9. Nxc7+ Kd8 10. Nxa8 b6 11. Ba4 Bb7 12. Nxb6 axb6 13. Qb3 Kc7 14.
Ne2 Bg7 15. O-O Ba6 16. Re1 b5 17. Bxb5 Bxb5 18. Nc3 Bc4 19. Nd5+ Bxd5 20.
Qxd5 Qe6 21. Qf3 e4 22. Qe3 Bd4 23. Qa3 Rb8 24. c3 Bb6 25. d4 Nc4 26. Qa6
Rb7 27. b3 Nd6 28. Bf4 Ra7 29. Qb5 Ra5 30. Qe2 Kb7 31. f3 Bc7 32. b4 Ra3 33.
b5 Na5 34. Qc2 Ka7 35. Bc1 Ndc4 36. Bxa3 Nxa3 37. Qa4 Nc4 38. fxe4 fxe4 39.
Qb4 e3 40. Rab1 Bb6 41. Re2 Qe4 42. Rf1 Kb7 43. Rf7 Kc7 44. Rxh7 Qd3 45. Re1
e2 46. Qe7 Bxd4+ 47. cxd4 Qxd4+ 48. Kh1 {Black resigns} 1-0

[Event "GambitGuide"]
[Site "Internet Chess Club"]
[Date "2014.10.30"]
[Round "1"]
[White "JSBach"]
[Black "MorningRunner"]
[Result "1-0"]
[ICCResult "Black resigns"]
[WhiteElo "1662"]
[BlackElo "1885"]
[Opening "Vienna: `Frankenstein-Dracula' variation"]
[ECO "C27"]
[NIC "VG.02"]
[Time "16:41:01"]
[TimeControl "120+12"]

1. e4 e5 2. Nc3 Nf6 3. Bc4 Nxe4 4. Qh5 Nd6 5. Bb3 Nc6 6. Nb5 g6 7. Qf3 f5 8.
Qd5 Qe7 9. Nxc7+ Kd8 10. Nxa8 b6 11. Ba4 Bb7 12. Nxb6 axb6 13. Qb3 Kc7 14.
Ne2 Nd4 15. Nxd4 exd4+ 16. Kf1 Ba6+ 17. d3 Bg7 18. Bf4 Kb7 19. Qd5+ Kc7 20.
Re1 Qf6 21. Be5 Qe6 22. Qxe6 dxe6 23. Bxg7 Re8 24. Bxe8 Nxe8 25. Bxd4
{Black resigns}
1-0

[Event "GambitGuide"]
[Site "Internet Chess Club"]
[Date "2014.10.30"]
[Round "1"]
[White "JSBach"]
[Black "fishhead"]
[Result "1-0"]
[ICCResult "Black resigns"]
[WhiteElo "1662"]
[BlackElo "1597"]
[Opening "Vienna: `Frankenstein-Dracula' variation"]
[ECO "C27"]
[NIC "VG.02"]
[Time "16:41:46"]
[TimeControl "120+12"]

1. e4 e5 2. Nc3 Nf6 3. Bc4 Nxe4 4. Qh5 Nd6 5. Bb3 Nc6 6. Nb5 g6 7. Qf3 f5 8.
Qd5 Qe7 9. Nxc7+ Kd8 10. Nxa8 b6 11. Ba4 Bb7 12. Nxb6 axb6 13. Qb3 b5 14.
Nf3 bxa4 15. Qxa4 Bg7 16. O-O Ne4 17. d3 Nf6 18. Qb3 d5 19. Bg5 e4 20. Bxf6
Bxf6 21. Qxd5+ Qd7 22. dxe4 Qxd5 23. exd5 Na5 24. Rfd1 Kd7 25. Rab1 Kd6 26.
c3 Bxd5 27. b4 Nc4 28. Nd4 Ra8 29. Ra1 Ra3 30. Nb5+ {Black resigns} 1-0

[Event "GambitGuide"]
[Site "Internet Chess Club"]
[Date "2014.10.30"]
[Round "1"]
[White "JSBach"]
[Black "fishhead"]
[Result "1-0"]
[ICCResult "Black resigns"]
[WhiteElo "1662"]
[BlackElo "1597"]
[Opening "Vienna: `Frankenstein-Dracula' variation"]
[ECO "C27"]
[NIC "VG.02"]
[Time "16:42:59"]
[TimeControl "120+12"]

1. e4 e5 2. Nc3 Nf6 3. Bc4 Nxe4 4. Qh5 Nd6 5. Bb3 Nc6 6. Nb5 g6 7. Qf3 f5 8.
Qd5 Qe7 9. Nxc7+ Kd8 10. Nxa8 b6 11. Ba4 Bb7 12. Nxb6 axb6 13. Qb3 b5 14.
Nf3 bxa4 15. Qxa4 Bg7 16. O-O Qf6 17. c4 Ke7 18. c5 Ne4 19. Qb5 Rb8 20. d3
Ng5 21. Bxg5 {Black resigns} 1-0

[Event "GambitGuide"]
[Site "Internet Chess Club"]
[Date "2014.10.30"]
[Round "1"]
[White "JSBach"]
[Black "mikyoo"]
[Result "1-0"]
[ICCResult "Black resigns"]
[WhiteElo "1662"]
[BlackElo "1387"]
[Opening "Vienna: `Frankenstein-Dracula' variation"]
[ECO "C27"]
[NIC "VG.02"]
[Time "16:38:41"]
[TimeControl "120+12"]

1. e4 e5 2. Nc3 Nf6 3. Bc4 Nxe4 4. Qh5 Nd6 5. Bb3 Nc6 6. Nb5 g6 7. Qf3 f5 8.
Qd5 Qe7 9. Nxc7+ Kd8 10. Nxa8 b6 11. Ba4 Bh6 12. Bxc6 dxc6 13. Qf3 Re8 14.
b4 e4 15. Qg3 Bb7 16. Qh3 Bg5 17. Nxb6 axb6 18. Bb2 Nc4 19. Bc3 h6 20. Ne2
Qd6 21. Rd1 Kc8 22. Qg3 Qxg3 23. Nxg3 Rd8 24. h4 Bf4 25. Ne2 Be5 26. Bxe5
Nxe5 27. Rc1 Nc4 28. h5 g5 29. Ng3 Rd5 30. Rd1 c5 31. bxc5 bxc5 32. a4 Ba6
33. Rg1 Nb2 34. Ra1 Nc4 35. Rd1 Nb2 36. Ra1 Nc4 37. Rd1 Nb2 38. Ra1 c4 39.
Ra2 c3 40. d4 Rxd4 41. Ra1 f4 42. Nf5 Rxa4 43. Rxa4 Nxa4 44. Nxh6 Nc5 45.
Nf5 Kd7 46. h6 Ke6 47. h7 Kxf5 48. h8=Q {Black resigns} 1-0

[Event "GambitGuide"]
[Site "Internet Chess Club"]
[Date "2014.10.30"]
[Round "1"]
[White "JSBach"]
[Black "KonfiAnand"]
[Result "1-0"]
[ICCResult "Black resigns"]
[WhiteElo "1662"]
[BlackElo "1364"]
[Opening "Vienna: `Frankenstein-Dracula' variation"]
[ECO "C27"]
[NIC "VG.02"]
[Time "16:42:40"]
[TimeControl "120+12"]

1. e4 e5 2. Nc3 Nf6 3. Bc4 Nxe4 4. Qh5 Nd6 5. Bb3 Nc6 6. Nb5 g6 7. Qf3 f5 8.
Qd5 Qe7 9. Nxc7+ Kd8 10. Nxa8 b6 11. Ba4 Ba6 12. Bxc6 dxc6 13. Qb3 Bc4 14.
Qa4 Bh6 15. Qxc6 Bb5 16. Qd5 Bc4 17. Qf3 Ke8 18. Qc6+ Kf7 19. d3 Be6 20.
Bxh6 Rc8 21. Qf3 Rxc2 22. Rb1 e4 23. dxe4 Bc4 24. Kd1 Nxe4 25. Kxc2 Qb4 26.
b3 Qd2+ 27. Bxd2 {Black resigns} 1-0

[Event "GambitGuide"]
[Site "Internet Chess Club"]
[Date "2014.10.30"]
[Round "1"]
[White "JSBach"]
[Black "Betamax"]
[Result "0-1"]
[ICCResult "White checkmated"]
[WhiteElo "1662"]
[BlackElo "1612"]
[Opening "Vienna: `Frankenstein-Dracula' variation"]
[ECO "C27"]
[NIC "VG.02"]
[Time "16:42:56"]
[TimeControl "120+12"]

1. e4 e5 2. Nc3 Nf6 3. Bc4 Nxe4 4. Qh5 Nd6 5. Bb3 Nc6 6. Nb5 g6 7. Qf3 f5 8.
Qd5 Qe7 9. Nxc7+ Kd8 10. Nxa8 b6 11. Ba4 Bb7 12. Nxb6 axb6 13. Qb3 Kc7 14.
Ne2 Ne4 15. Qb5 Bh6 16. d3 Bxc1 17. Rxc1 Nd6 18. Qb3 e4 19. d4 f4 20. d5 Ne5
21. Nxf4 Rf8 22. Ne2 Nf3+ 23. gxf3 exf3 24. Bb5 Nxb5 25. Qxb5 fxe2 26. Qc4+
Kb8 27. Qxe2 Qf7 28. Qe5+ Ka8 29. O-O Re8 30. Qc7 Qf3 31. Qxd7 Re4 32. Qd8+
Ka7 33. h3 Qxh3 34. f4 Qg3+ 35. Kh1 Re2 36. Rf2 Rxf2 37. Qxb6+ Kxb6 38. c4
Qh2# {White checkmated} 0-1

[Event "GambitGuide"]
[Site "Internet Chess Club"]
[Date "2014.10.30"]
[Round "1"]
[White "JSBach"]
[Black "fishhead"]
[Result "1-0"]
[ICCResult "Black checkmated"]
[WhiteElo "1662"]
[BlackElo "1597"]
[Opening "Vienna: `Frankenstein-Dracula' variation"]
[ECO "C27"]
[NIC "VG.02"]
[Time "16:43:38"]
[TimeControl "120+12"]

1. e4 e5 2. Nc3 Nf6 3. Bc4 Nxe4 4. Qh5 Nd6 5. Bb3 Nc6 6. Nb5 g6 7. Qf3 f5 8.
Qd5 Qe7 9. Nxc7+ Kd8 10. Nxa8 b6 11. Ba4 Bb7 12. Nxb6 axb6 13. Qb3 b5 14.
Nf3 bxa4 15. Qxa4 Bg7 16. O-O Nd4 17. Nxd4 exd4 18. b4 Bc6 19. Qa7 Ke8 20.
Bb2 Kf7 21. Rfe1 Qf6 22. f3 Ra8 23. Qc7 Nc4 24. Bc1 d3 25. c3 Na3 26. Bxa3
Rxa3 27. Qb8 Bf8 28. Re3 Bd6 29. Qb6 Qh4 30. g3 Qc4 31. Qd8 Rxa2 32. Rxa2
Qxa2 33. Qh8 Qxd2 34. Qxh7+ Kf6 35. Qh4+ Kg7 36. Qd4+ Kh6 37. Qh8+ Kg5 38.
Qh4# {Black checkmated} 1-0

[Event "GambitGuide"]
[Site "Internet Chess Club"]
[Date "2014.10.30"]
[Round "1"]
[White "JSBach"]
[Black "mikyoo"]
[Result "1-0"]
[ICCResult "Black checkmated"]
[WhiteElo "1662"]
[BlackElo "1387"]
[Opening "Vienna: `Frankenstein-Dracula' variation"]
[ECO "C27"]
[NIC "VG.02"]
[Time "16:44:01"]
[TimeControl "120+12"]

1. e4 e5 2. Nc3 Nf6 3. Bc4 Nxe4 4. Qh5 Nd6 5. Bb3 Nc6 6. Nb5 g6 7. Qf3 f5 8.
Qd5 Qe7 9. Nxc7+ Kd8 10. Nxa8 b6 11. Ba4 Bh6 12. Bxc6 dxc6 13. Qf3 Bb7 14.
Qh3 Bg5 15. Nxb6 axb6 16. d3 Re8 17. Bxg5 Qxg5 18. Nf3 Qe7 19. Nd2 e4 20.
O-O-O Kc7 21. dxe4 Nxe4 22. Nxe4 Qxe4 23. Qxh7+ Re7 24. Qxg6 c5 25. Qd6+ Kc8
26. Qd8# {Black checkmated} 1-0

[Event "GambitGuide"]
[Site "Internet Chess Club"]
[Date "2014.10.30"]
[Round "1"]
[White "JSBach"]
[Black "fishhead"]
[Result "1-0"]
[ICCResult "Black resigns"]
[WhiteElo "1662"]
[BlackElo "1597"]
[Opening "Vienna: `Frankenstein-Dracula' variation"]
[ECO "C27"]
[NIC "VG.02"]
[Time "16:45:19"]
[TimeControl "120+12"]

1. e4 e5 2. Nc3 Nf6 3. Bc4 Nxe4 4. Qh5 Nd6 5. Bb3 Nc6 6. Nb5 g6 7. Qf3 f5 8.
Qd5 Qe7 9. Nxc7+ Kd8 10. Nxa8 b6 11. Ba4 Bb7 12. Nxb6 axb6 13. Qb3 b5 14.
Ne2 bxa4 15. Qxa4 Bh6 16. d3 Bxc1 17. Rxc1 Kc7 18. Nc3 Ra8 19. Qxa8 Bxa8 20.
Nd5+ Kd8 21. Nxe7 Kxe7 22. a4 Nd4 23. f3 Nb7 24. b4 d5 25. a5 Nd6 26. a6
N6b5 27. Kf2 Nc3 28. h3 e4 29. fxe4 dxe4 30. Ke3 Kd6 31. Kxd4 {Black
resigns} 1-0

[Event "GambitGuide"]
[Site "Internet Chess Club"]
[Date "2014.10.30"]
[Round "1"]
[White "JSBach"]
[Black "mikyoo"]
[Result "1-0"]
[ICCResult "Black resigns"]
[WhiteElo "1662"]
[BlackElo "1387"]
[Opening "Vienna: `Frankenstein-Dracula' variation"]
[ECO "C27"]
[NIC "VG.02"]
[Time "16:45:28"]
[TimeControl "120+12"]

1. e4 e5 2. Nc3 Nf6 3. Bc4 Nxe4 4. Qh5 Nd6 5. Bb3 Nc6 6. Nb5 g6 7. Qf3 f5 8.
Qd5 Qe7 9. Nxc7+ Kd8 10. Nxa8 b6 11. Ba4 Bb7 12. Nxb6 axb6 13. Qb3 b5 14.
Nf3 bxa4 15. Qxa4 Bg7 16. O-O Re8 17. Re1 e4 18. d4 Nxd4 19. Nxd4 Bxd4 20.
Qxd4 {Black resigns} 1-0

[Event "GambitGuide"]
[Site "Internet Chess Club"]
[Date "2014.10.30"]
[Round "1"]
[White "JSBach"]
[Black "coleman"]
[Result "1-0"]
[ICCResult "Black forfeits on time"]
[WhiteElo "1662"]
[BlackElo "1329"]
[Opening "Vienna: `Frankenstein-Dracula' variation"]
[ECO "C27"]
[NIC "VG.02"]
[Time "16:41:06"]
[TimeControl "120+12"]

1. e4 e5 2. Nc3 Nf6 3. Bc4 Nxe4 4. Qh5 Nd6 5. Bb3 Nc6 6. Nb5 g6 7. Qf3 f5 8.
Qd5 Qe7 9. Nxc7+ Kd8 10. Nxa8 b6 11. Ba4 Bb7 12. Nxb6 axb6 13. Qb3 Kc7 14.
Ne2 Nd4 15. Nxd4 exd4+ 16. Kf1 Ba6+ 17. d3 b5 18. Bf4 bxa4 19. Qxa4 Bb7 20.
Qxd4 Bg7 21. Bxd6+ Qxd6 22. Qxg7 Re8 23. Qf7 Re6 24. f3 Qe5 25. Kf2 Qe3+ 26.
Kg3 h5 27. Rhe1 h4+ 28. Kh3 {Black forfeits on time} 1-0

[Event "GambitGuide"]
[Site "Internet Chess Club"]
[Date "2014.10.30"]
[Round "1"]
[White "JSBach"]
[Black "mikyoo"]
[Result "0-1"]
[ICCResult "White checkmated"]
[WhiteElo "1662"]
[BlackElo "1387"]
[Opening "Vienna: `Frankenstein-Dracula' variation"]
[ECO "C27"]
[NIC "VG.02"]
[Time "16:46:32"]
[TimeControl "120+12"]

1. e4 e5 2. Nc3 Nf6 3. Bc4 Nxe4 4. Qh5 Nd6 5. Bb3 Nc6 6. Nb5 g6 7. Qf3 f5 8.
Qd5 Qe7 9. Nxc7+ Kd8 10. Nxa8 b6 11. Ba4 Bb7 12. Nxb6 axb6 13. Qb3 b5 14.
Nf3 bxa4 15. Qxa4 e4 16. Nd4 Nxd4 17. Qxd4 Bg7 18. Qc5 Re8 19. Qb6+ Kc8 20.
c3 f4 21. O-O f3 22. g3 Qe6 23. Re1 Qh3 24. Qc5+ Bc6 25. Qxc6+ dxc6 26. a3
Qg2# {White checkmated} 0-1

[Event "GambitGuide"]
[Site "Internet Chess Club"]
[Date "2014.10.30"]
[Round "1"]
[White "JSBach"]
[Black "kukoforever"]
[Result "1-0"]
[ICCResult "Black resigns"]
[WhiteElo "1662"]
[BlackElo "2134"]
[Opening "Vienna: `Frankenstein-Dracula' variation"]
[ECO "C27"]
[NIC "VG.02"]
[Time "16:46:13"]
[TimeControl "120+12"]

1. e4 e5 2. Nc3 Nf6 3. Bc4 Nxe4 4. Qh5 Nd6 5. Bb3 Nc6 6. Nb5 g6 7. Qf3 f5 8.
Qd5 Qe7 9. Nxc7+ Kd8 10. Nxa8 b6 11. Ba4 Bb7 12. Nxb6 axb6 13. Qb3 Kc7 14.
Ne2 Ne4 15. Qb5 Qc5 16. O-O Qxb5 17. Bxb5 Nd4 18. Nxd4 exd4 19. f3 Nf6 20.
Re1 d3 21. Bxd3 Bc5+ 22. Kf1 Nd5 23. Bc4 Nb4 24. Bb3 Ba6+ 25. d3 Nxd3 26.
cxd3 Bxd3+ 27. Re2 Re8 28. Bf4+ Kc6 29. Ba4+ b5 30. Bd1 Bd4 31. Rc1+ Kd5 32.
Bb3+ Bc4 33. Bxc4+ bxc4 34. Rxe8 {Black resigns} 1-0

[Event "GambitGuide"]
[Site "Internet Chess Club"]
[Date "2014.10.30"]
[Round "1"]
[White "JSBach"]
[Black "fishhead"]
[Result "1-0"]
[ICCResult "Black resigns"]
[WhiteElo "1662"]
[BlackElo "1597"]
[Opening "Vienna: `Frankenstein-Dracula' variation"]
[ECO "C27"]
[NIC "VG.02"]
[Time "16:46:21"]
[TimeControl "120+12"]

1. e4 e5 2. Nc3 Nf6 3. Bc4 Nxe4 4. Qh5 Nd6 5. Bb3 Nc6 6. Nb5 g6 7. Qf3 f5 8.
Qd5 Qe7 9. Nxc7+ Kd8 10. Nxa8 b6 11. Ba4 Bb7 12. Nxb6 axb6 13. Qb3 b5 14.
Nf3 bxa4 15. Qxa4 Bg7 16. d3 Bf6 17. Bh6 Kc7 18. O-O Ra8 19. Qb3 Na5 20.
Qc3+ Bc6 21. a4 Qe6 22. Rae1 Qd5 23. b4 Nab7 24. b5 Rxa4 25. bxc6 Qxc6 26.
Qb2 Nc5 27. Rb1 Ndb7 28. Rfe1 d6 29. Ng5 Qd7 30. Qb6+ Kc8 31. g3 Bxg5 32.
Bxg5 Qc7 33. Qb5 Qd7 34. Qb6 Ra6 35. Qb4 Ne6 36. Bf6 Nd4 37. Qc4+ Qc7 38.
Qxa6 {Black resigns} 1-0

[Event "GambitGuide"]
[Site "Internet Chess Club"]
[Date "2014.10.30"]
[Round "1"]
[White "JSBach"]
[Black "clicklock"]
[Result "1-0"]
[ICCResult "Black resigns"]
[WhiteElo "1662"]
[BlackElo "1336"]
[Opening "Vienna: `Frankenstein-Dracula' variation"]
[ECO "C27"]
[NIC "VG.02"]
[Time "16:47:46"]
[TimeControl "120+12"]

1. e4 e5 2. Nc3 Nf6 3. Bc4 Nxe4 4. Qh5 Nd6 5. Bb3 Nc6 6. Nb5 g6 7. Qf3 f5 8.
Qd5 Qe7 9. Nxc7+ Kd8 10. Nxa8 b6 11. Ba4 Bb7 12. Nxb6 Na5 13. Qxa5 e4 14.
Nd5+ {Black resigns} 1-0